 Dungeon Crawl Stone Soup version 0.18.1-5-g4a78601 (webtiles) character file.

114 Martinusm the Skirmisher (level 4, 0/37 HPs)
             Began as a Demonspawn Abyssal Knight on May 9, 2016.
             Was a Priest of Lugonu.
             Succumbed to kobold's curare-tipped needle
             ... on level 3 of the Dungeon.
             The game lasted 00:14:29 (2658 turns).

Martinusm the Skirmisher (DsAK)                     Turns: 2658, Time: 00:14:30

Health: 0/37       AC: 21    Str: 14    XL:     4   Next: 67%
Magic:  5/5        EV:  4    Int: 13    God:    Lugonu [***...]
Gold:   112        SH:  0    Dex: 10    Spells: 0 memorised, 3 levels left

rFire  x . .     SeeInvis .     a - +1 spear
rCold  + . .     Gourm    .     k - +0 plate armour
rNeg   . . .     Faith    +     (no shield)
rPois  .         Spirit   .     x - +2 helmet
rElec  .         Dismiss  .     (no cloak)
rCorr  .         Reflect  .     (no gloves)
SustAt .         Harm     .     (no boots)
MR     .....                    u - amulet of faith
Stlth  ..........               (no ring)
                                q - ring of ice

@: lethally poisoned (0 -> -50), about to teleport, slowed, very slow, not
resistant to hostile enchantments, extremely unstealthy
A: rough black scales 2, powered by death 1
a: Depart the Abyss, Bend Space, Banish, Renounce Religion


You were on level 3 of the Dungeon.
You worshipped Lugonu.
Lugonu was most pleased with you.
You were not hungry.

You visited 1 branch of the dungeon, and saw 3 of its levels.
You visited the Abyss 1 time.

You collected 112 gold pieces.

Inventory:

Hand Weapons
 a - a +1 spear (weapon)
 d - a +0 hand axe
 p - a +0 whip
 v - a +0 club
Missiles
 c - 8 tomahawks
 i - 48 stones (quivered)
Armour
 b - a +0 leather armour
 h - a +2 animal skin
 k - a +0 plate armour (worn)
 x - a +2 helmet (worn)
Jewellery
 q - a ring of ice (left hand)
 u - an amulet of faith (around neck)
Scrolls
 e - 2 scrolls of teleportation
 f - 2 scrolls of identify {unknown}
 g - 2 scrolls of recharging {unknown}
 j - a scroll of immolation {unknown}
 l - a scroll of noise {unknown}
 n - a scroll of blinking {unknown}
 o - a scroll of fog {unknown}
 r - a scroll of fear {unknown}
 s - a scroll of remove curse {unknown}
Potions
 m - 2 potions of lignification {unknown}
 w - a potion of agility {unknown}
Comestibles
 t - a bread ration


   Skills:
 + Level 4.0 Fighting
 + Level 2.6 Polearms
 + Level 2.5 Armour
 + Level 1.9 Dodging
 + Level 2.5 Invocations


You had 3 spell levels left.
You didn't know any spells.

Dungeon Overview and Level Annotations

Branches:
Dungeon (3/15)

Altars:
Ashenzari
Nemelex Xobeh

Annotations:
D:3 Sigmund


Innate Abilities, Weirdness & Mutations

You are mostly covered in rough black scales (AC +7, Dex -2).
You regenerate a little health from kills.


Message History

The curare-tipped needle hits you.
You are more poisoned.
You have difficulty breathing.
You feel as though you will be slow longer.
Things that are here:
2 curare-tipped needles; a scroll labeled ABIKLEOGAN You feel very sick.
You feel very sick.
The kobold shoots a curare-tipped needle.
The curare-tipped needle hits you.
You are more poisoned.
You have difficulty breathing.
You feel as though you will be slow longer.
Things that are here:
3 curare-tipped needles; a scroll labeled ABIKLEOGAN
* * * LOW HITPOINT WARNING * * *
You feel very sick.
As you read the scroll labeled SYQARI YNIRGH, it crumbles to dust.
You feel strangely unstable.
It was a scroll of teleportation.
You die...

# #. #.#
.######..##
......# #@#
.......##(###
#......(#.#
#...#..##.###
... #.......#
# ##.##.#.#
#...#.#.#
.......#.#
.##...###.#


There were no monsters in sight!

Vanquished Creatures
  Robin (D:3)
  2 adders
  An ooze (D:1)
  5 giant geckos
  2 orcs (D:3)
  4 bats
  6 giant cockroaches
  21 goblins
  5 hobgoblins
  2 jackals (D:1)
  5 kobolds
  3 quokkas
  5 giant newts
  2 rats
64 creatures vanquished.

Notes
Turn   | Place    | Note
--------------------------------------------------------------
     0 | Abyss:1  | Martinusm the Demonspawn Abyssal Knight began the quest for the Orb.
     0 | Abyss:1  | Reached XP level 1. HP: 18/18 MP: 2/2
   172 | D:1      | Escaped the Abyss
   258 | D:1      | Reached skill level 1 in Dodging
   544 | D:1      | Gained mutation: You are partially covered in rough black scales (AC +4, Dex -1). [demonic ancestry]
   544 | D:1      | Reached XP level 2. HP: 19/24 MP: 3/3
   822 | D:1      | Reached ** piety under Lugonu
  1054 | D:1      | Gained mutation: You regenerate a little health from kills. [demonic ancestry]
  1054 | D:1      | Reached XP level 3. HP: 30/30 MP: 4/4
  1480 | D:2      | Found a shattered altar of Ashenzari.
  1989 | D:2      | Gained mutation: You are mostly covered in rough black scales (AC +7, Dex -2). [demonic ancestry]
  1989 | D:2      | Reached XP level 4. HP: 37/37 MP: 5/5
  1990 | D:2      | Reached *** piety under Lugonu
  2265 | D:3      | Found a sparkling altar of Nemelex Xobeh.
  2293 | D:3      | Noticed Sigmund
  2365 | D:3      | HP: 1/37 [orc (3)]
  2374 | D:3      | HP: 1/37 [bat (1)]
  2384 | D:3      | HP: 1/37 [bat (1)]
  2469 | D:3      | Noticed Robin
  2502 | D:3      | Reached skill level 4 in Fighting
  2535 | D:3      | Killed Robin
  2658 | D:3      | Succumbed to kobold's curare-tipped needle

Skill      XL: |  1  2  3  4 |
---------------+-------------+-----
Dodging        | 1 |  1.9
Polearms       | 2 |  2.6
Armour         | 2 |  2.5
Fighting       | 4 |  4.0
Invocations    | |  2.5

Action                   |  1- 3 |  4- 6 || total
-------------------------+-------+-------++-------
Melee: Spear             |   154 |   138 ||   292
  Use: Potion            |       |     2 ||     2
       Scroll            |       |     1 ||     1
  Eat: Bread ration      |     1 |     1 ||     2
Armor: Leather armour    |    33 |       ||    33
       Plate armour      |   107 |   151 ||   258
Dodge: Dodged            |    70 |    54 ||   124
